 Dungeon Crawl Stone Soup version 0.22-a0-352-gc608dd7 (webtiles) character file.

382 khargal the Cudgeler (level 6, -10/53 HPs)
             Began as a Draconian Monk on Apr 14, 2018.
             Splashed by Ijyb's acid (12 damage)
             ... on level 4 of the Dungeon.
             The game lasted 00:06:38 (3811 turns).

khargal the Cudgeler (Draconian Monk)               Turns: 3811, Time: 00:06:38

Health: -10/53     AC:  9    Str: 13    XL:     6   Next: 47%
Magic:  6/6        EV: 15    Int: 10    God:
Gold:   326        SH:  0    Dex: 16    Spells: 5/5 levels left

rFire    . . .     SeeInvis .   c - +2 whip
rCold    . . .     Gourm    .   (no shield)
rNeg     . . .     Faith    .   (armour unavailable)
rPois    .         Spirit   .   (helmet restricted)
rElec    .         Reflect  .   k - +0 cloak
rCorr    .         Harm     .   i - +1 pair of gloves {archery}
MR       .....                  (no boots)
Stlth    ++........             (no amulet)
HPRegen  0.17/turn              (no ring)
MPRegen  0.10/turn              (no ring)

@: no status effects
A: unfitting armour, cold-blooded, AC +6
a: no special abilities


You were on level 4 of the Dungeon.
You were hungry.

You visited 1 branch of the dungeon, and saw 4 of its levels.

You collected 326 gold pieces.

Inventory:

Hand Weapons
 a - a +0 mace
 c - a +2 whip (weapon)
 g - a +0 dagger of distortion
Missiles
 j - 13 poisoned needles
Armour
 i - a +1 pair of gloves of archery (worn)
 k - a +0 cloak (worn)
Wands
 n - a wand of paralysis (16)
 s - a wand of flame (25)
Scrolls
 d - 2 scrolls of remove curse
 h - 2 scrolls of identify
 m - a scroll of fog {unknown}
Potions
 e - a potion of invisibility {unknown}
 l - a potion of haste
 o - a potion of cancellation {unknown}
 p - a potion of lignification
 r - 3 potions of heal wounds
 t - a potion of ambrosia
Comestibles
 b - 10 rations


   Skills:
 + Level 4.3 Fighting
 + Level 5.4 Maces & Flails
 + Level 4.4 Dodging
 + Level 2.2 Stealth


You had 5 spell levels left.
You didn't know any spells.

Dungeon Overview and Level Annotations

Branches:
Dungeon (4/15)             Temple (0/1) D:4

Altars:
Cheibriados
Gozag
Zin

Annotations:
D:3 1 runed door
D:4 Ijyb


Innate Abilities, Weirdness & Mutations

Your plain brown scales are hard. (AC +6)
You cannot fit into any form of body armour.
You are cold-blooded and may be slowed by cold attacks.


Message History

Ijyb zaps a wand.
The bolt of acid hits you!
You are splashed with acid!
The acid burns!
* * * LOW HITPOINT WARNING * * *
You closely miss Ijyb.
Your tail-slap misses Ijyb.
Ijyb is almost dead.
Ijyb hits you but does no damage.
You hit Ijyb but do no damage. You tail-slap Ijyb, but do no damage.
Ijyb is almost dead.
Ijyb zaps a wand.
The bolt of acid misses you.
You completely miss Ijyb.
Ijyb is almost dead.
You hit Ijyb but do no damage.
Ijyb is almost dead.
Ijyb closely misses you.
You hit Ijyb but do no damage.
Ijyb is almost dead.
Ijyb zaps a wand.
The bolt of acid hits you!
* * * LOW HITPOINT WARNING * * *
You are splashed with acid!
The acid burns!
You die...

#......####......#............
########...._....'............
#......#.........#............
#......'.....#...#............
#.....##....####+#######......
###'#####....##....# #.._...
#>......#....#.....# #......
#.......'....#g....# #......
#.......#....#@....# #......
#.......#....'.....# #......
#.......############ #......
######### #######


You could see Ijyb.

Vanquished Creatures
  2 centaur skeletons
  2 iguanas (D:4)
  3 worker ants
  A howler monkey skeleton (D:4)
  8 adders
  2 oozes (D:3)
  An adder skeleton (D:4)
  4 worms
  A dart slug (D:2)
  7 orcs (D:4)
  A ball python (D:3)
  5 giant cockroaches
  10 goblins
  6 hobgoblins
  16 jackals
  6 kobolds
  2 quokkas
  10 bats
  4 frilled lizards
  5 rats
96 creatures vanquished.

Notes
Turn   | Place    | Note
-------+----------+-------------------------------------------
     0 | D:1      | khargal the Draconian Monk began the quest for the Orb.
     0 | D:1      | Reached XP level 1. HP: 19/19 MP: 1/1
   116 | D:1      | Reached XP level 2. HP: 19/26 MP: 2/2
  1096 | D:1      | Reached XP level 3. HP: 20/31 MP: 3/3
  1590 | D:2      | Found a faded altar of an unknown god.
  1999 | D:2      | Reached XP level 4. HP: 34/40 MP: 4/4
  2214 | D:3      | Found a glowing silver altar of Zin.
  2214 | D:3      | Found a runed door.
  2214 | D:3      | Noticed an angel
  2247 | D:3      | Reached skill level 4 in Maces & Flails
  2585 | D:3      | Reached XP level 5. HP: 46/46 MP: 5/5
  3168 | D:4      | Reached skill level 5 in Maces & Flails
  3323 | D:4      | Reached XP level 6. HP: 40/52 MP: 6/6
  3329 | D:4      | Found an opulent altar of Gozag.
  3361 | D:4      | Found a snail-covered altar of Cheibriados.
  3444 | D:4      | Found a staircase to the Ecumenical Temple.
  3780 | D:4      | Noticed Ijyb
  3811 | D:4      | HP: 2/53 [Ijyb/wand of acid (1) (8)]
  3811 | D:4      | Splashed by Ijyb's acid

Vault maps used:
D:1:      dpeg_arrival_rhombus, minmay_tetromino_o4
D:2:      first_ration, chequers_ecumenical_altar_simple_redux,
          corexii_leaking_fountain
D:3:      minmay_misc_feat_x, minmay_fountain_box, lemuel_angel_altar
D:4:      cheibriados_altar_1, minmay_temple_entry_glassed_door,
          nicolae_gozag_seed_capital, uniq_ijyb

Skill      XL: |  1  2  3  4  5 |
---------------+----------------+-----
Dodging        | 3 4 |  4.4
Maces & Flails | 4 5 |  5.4
Stealth        | 2 |  2.2
Fighting       | 4 |  4.3

Action                   |  1- 3 |  4- 6 || total
-------------------------+-------+-------++-------
Melee: Mace              |    58 |       ||    58
       Tailslap          |    21 |    41 ||    62
       Whip              |   110 |   295 ||   405
  Use: Scroll            |       |    10 ||    10
       Potion            |       |     1 ||     1
 Stab: Sleeping          |     2 |     4 ||     6
  Eat: Chunk             |     4 |     5 ||     9
Armor: Skin              |   104 |    76 ||   180
Dodge: Dodged            |   209 |   227 ||   436

Table legend:
 A = Spawn XP
 B = Non-spawn XP
 C = Spawn XP percentage of total XP
 D = Spawn monster count
 E = Non-spawn monster count
 F = Spawn count percentage of total count
 G = Total turns spent on level
                    A         B        C        D         E        F      G
               +---------+---------+-------+---------+---------+-------+---------
         Total |       0 |     547 |   0.0 |       0 |      96 |   0.0 |  3811
               +---------+---------+-------+---------+---------+-------+---------
           D:1 |       0 |      52 |   0.0 |       0 |      31 |   0.0 |  1535
           D:2 |       0 |      49 |   0.0 |       0 |      16 |   0.0 |   670
           D:3 |       0 |     150 |   0.0 |       0 |      26 |   0.0 |   757
           D:4 |       0 |     296 |   0.0 |       0 |      23 |   0.0 |   849
               +---------+---------+-------+---------+---------+-------+---------
